 Dungeon Crawl Stone Soup version 0.18.1-48-g4cf74bf (console) character file.

411 Kloppie the Skirmisher (level 6, -1/41 HPs)
             Began as a Gargoyle Fighter on Aug 2, 2016.
             Was a Follower of Makhleb.
             Slain by a mummy (10 damage)
             ... in an ossuary.
             The game lasted 00:05:19 (2471 turns).

Kloppie the Skirmisher (Gargoyle Fighter)           Turns: 2471, Time: 00:05:19

Health: -1/41      AC: 12    Str: 20    XL:     6   Next: 90%
Magic:  6/6        EV: 14    Int:  8    God:    Makhleb [*.....]
Gold:   189        SH:  0    Dex: 16    Spells: 0 memorised, 5 levels left

rFire  . . .     SeeInvis .     a - +0 flail
rCold  . . .     Gourm    .     b - +0 scale mail
rNeg   + . .     Faith    .     (no shield)
rPois  ∞         Spirit   .     (no helmet)
rElec  +         Dismiss  .     s - +0 cloak
rCorr  .         Reflect  .     (no gloves)
SustAt .         Harm     .     (no boots)
MR     .....                    (no amulet)
Stlth  +.........               (no ring)
                                (no ring)

@: agile, not resistant to hostile enchantments, very unstealthy
A: negative energy resistance 1, electricity resistance, unbreathing,
petrification resistance, rot immunity, AC +4
a: Renounce Religion


You were in an ossuary.
You worshipped Makhleb.
Makhleb was aware of your devotion.
You were not hungry.

You visited 1 branch of the dungeon, and saw 4 of its levels.
You also visited: Ossuary.

You collected 189 gold pieces.

Inventory:

Hand Weapons
 a - a +0 flail (weapon)
Armour
 b - a +0 scale mail (worn)
 c - a +0 shield
 s - a +0 cloak (worn)
 u - a cursed +0 shield
 w - a +0 chain mail of cold resistance
Jewellery
 r - an uncursed ring of sustain attributes {unknown}
Scrolls
 p - a scroll of random uselessness
Potions
 h - 2 potions of curing
 j - 2 potions of lignification {unknown}
 k - a potion of brilliance {unknown}
 l - a potion of cure mutation {unknown}
 m - 4 potions of heal wounds {unknown}
 n - 4 potions of invisibility {unknown}
Comestibles
 f - 4 bread rations
 t - a meat ration


   Skills:
 + Level 6.2 Fighting
 + Level 5.2 Maces & Flails
 - Level 3.2 Armour
 - Level 3.2 Shields


You had 5 spell levels left.
You didn't know any spells.

Dungeon Overview and Level Annotations

Branches:
Dungeon (4/15)
 Temple: D:4-7

Altars:
Makhleb
Zin


Innate Abilities, Weirdness & Mutations

You are resistant to torment.
Your stone body is resilient (AC +4).
You are immune to poison.
You resist negative energy.
You are resistant to electric shocks.
You can survive without breathing.
You are immune to petrification.
You are immune to rotting.


Message History

The mummy is moderately damaged.
Your scale mail prevents you from hitting the mummy.
The mummy is moderately damaged.
The mummy hits you!
* * * LOW HITPOINT WARNING * * *
You are too injured to fight recklessly!
You are too injured to fight recklessly!
You are too injured to fight recklessly!
You barely miss the mummy.
The mummy is moderately damaged.
The mummy hits you.
* * * LOW HITPOINT WARNING * * *
You hit the mummy.
The mummy is severely damaged.
You hit the mummy.
The mummy is almost destroyed.
Drink which item? (? for menu, Esc to quit)
You feel agile all of a sudden. The mummy barely misses you.
The mummy hits you!
You die...

**,,,,,,,,,,,,,,**
**,,,,,,****,,,,..##
*,,,,,,**,,**,,,...#
*,,,,,**,,,,**,,...#
*,,................*
**,...............**
**,.....M.....,Z#*
*+*#.Z...M..##M#
**,,*#......##@M##
**,,,,*#....##....##
**,,,,,,#...M#......##
*,,,,,,,#..M.#.......#
*,,,,,,,#..ZM#.......#
*,,,,,,,#Z.M.#..!....#
**,,,,,,#....#......##
*,,,,,*#...Z##.....#
**,,,,*#...Z##....##


You could see 2 mummies and a kobold zombie.

Vanquished Creatures
  The ghost of Tagedieb the Sneak, an amateur VSAs (D:3)
  An ogre (D:4)
  An iguana (D:4)
  A worker ant (D:4)
  A hound zombie (D:3)
  5 mummies (Ossuary)
  2 adders (D:3)
  2 oozes (D:1)
  A giant gecko (D:1)
  An orc (D:3)
  A ball python (D:3)
  8 bats
  6 giant cockroaches
  A gnoll zombie (Ossuary)
  10 goblins
  9 hobgoblins
  11 kobolds
  3 quokkas
  A giant gecko skeleton (D:4)
  2 giant newts
  2 kobold zombies (Ossuary)
  An orc zombie (Ossuary)
  7 rats
78 creatures vanquished.

Notes
Turn   | Place    | Note
--------------------------------------------------------------
     0 | D:1      | Kloppie the Gargoyle Fighter began the quest for the Orb.
     0 | D:1      | Reached XP level 1. HP: 14/14 MP: 1/1
   203 | D:1      | Reached XP level 2. HP: 19/19 MP: 2/2
   255 | D:1      | Reached skill level 4 in Fighting
   255 | D:1      | Reached XP level 3. HP: 20/24 MP: 3/3
  1071 | D:2      | Reached XP level 4. HP: 30/30 MP: 4/4
  1304 | D:3      | Noticed Tagedieb's ghost (amateur VSAs)
  1322 | D:3      | Killed Tagedieb's ghost
  1322 | D:3      | Reached skill level 5 in Fighting
  1322 | D:3      | Reached XP level 5. HP: 26/35 MP: 5/5
  1368 | D:3      | Found a burning altar of Makhleb.
  1370 | D:3      | Found a glowing silver altar of Zin.
  1370 | D:3      | Noticed an angel
  1370 | D:3      | Noticed a cacodemon
  1392 | D:3      | Became a worshipper of Makhleb the Destroyer
  1969 | D:4      | Reached XP level 6. HP: 29/41 MP: 6/6
  2052 | D:4      | HP: 2/41 [ogre/giant club (12)]
  2054 | D:4      | Reached skill level 6 in Fighting
  2276 | D:4      | Found a sand-covered staircase.
  2284 | Ossuary  | Entered an ossuary
  2364 | Ossuary  | Reached * piety under Makhleb
  2364 | Ossuary  | Reached skill level 5 in Maces & Flails
  2471 | Ossuary  | Slain by a mummy

Skill      XL: |  1  2  3  4  5  6 |
---------------+-------------------+-----
Fighting       | 4 5 6 |  6.2
Maces & Flails | 3 4 5 |  5.2
Armour         | |  3.2
Shields        | |  3.2

Action                   |  1- 3 |  4- 6 || total
-------------------------+-------+-------++-------
Melee: Flail             |   105 |   158 ||   263
  Use: Potion            |       |     2 ||     2
       Scroll            |       |    10 ||    10
  Eat: Chunk             |     1 |     4 ||     5
Armor: Scale mail        |    68 |    91 ||   159
Dodge: Dodged            |    65 |    60 ||   125
